 Dungeon Crawl Stone Soup version 0.16-a0-702-gf4f471d (webtiles) character file.

191 Amnekian the Basher (level 5, 0/54 HPs)
             Began as an Ogre Berserker on Sept 20, 2014.
             Was a Believer of Trog.
             Killed from afar by Natasha (9 damage)
             ... with a wand of flame
             ... on Level 4 of the Dungeon.
             The game lasted 00:14:14 (3124 turns).

Amnekian the Basher (Ogre Berserker)                Turns: 3124, Time: 00:14:14

HP   0/54        AC  4     Str 22      XL: 5   Next: 70%
MP   5/5         EV 10     Int  6      God: Trog [**....]
Gold 191         SH  0     Dex 10      Spells:  0 memorised,  4 levels left

rFire  . . .     SeeInvis .     a - +1 mace
rCold  . . .     Clarity  .     b - +1 animal skin
rNeg   . . .     rCorr    .     (shield restricted)
rPois  .         rRot     .     (helmet restricted)
rElec  .         Spirit   .     (no cloak)
SustAb .         Warding  .     (gloves unavailable)
rMut   .         Stasis   .     (boots unavailable)
Gourm  .                        v - cursed amulet of inaccuracy
MR     .....                    (no ring)
                                (no ring)

@: very slightly contaminated, slowed, very slow, not resistant to hostile
enchantments, very unstealthy
A: unfitting armour, tough skin 1
a: Burn Spellbooks, Berserk, Trog's Hand, Renounce Religion


You were on level 4 of the Dungeon.
You worshipped Trog.
Trog was pleased with you.
You were not hungry.

You visited 1 branch of the dungeon, and saw 4 of its levels.

You collected 191 gold pieces.

Inventory:

Hand weapons
 a - a +1 mace (weapon)
Missiles
 g - 26 stones (quivered)
 y - 5 poisoned needles
Armour
 b - a +1 animal skin (worn)
Comestibles
 c - 5 meat rations
 p - 2 bread rations
 x - a rotting chunk of hound flesh
Scrolls
 d - 2 scrolls of identify
 f - a scroll of magic mapping
 k - a scroll of fear
 t - a scroll of enchant armour
 A - a scroll of remove curse {unknown}
Jewellery
 v - a cursed amulet of inaccuracy (around neck)
Potions
 e - a potion of resistance {unknown}
 i - 2 potions of lignification
 j - a potion of brilliance {unknown}
 l - 3 potions of curing {unknown}
 m - a potion of haste {unknown}
 n - a potion of berserk rage {unknown}
 q - a potion of agility {unknown}
 s - 2 potions of invisibility
 u - 2 potions of cancellation {unknown}
 z - a potion of cure mutation {unknown}
Books
 h - a book of Summonings

   Spells                             Type                      Level
   Abjuration                         Summoning                    3
   Recall                             Summoning/Translocation      3
   Shadow Creatures                   Summoning                    5
   Summon Demon                       Summoning                    5
   Summon Forest                      Summoning/Translocation      5
   Monstrous Menagerie                Summoning                    6
   Trog disapproves of the use of such an item.
 o - a book of Wizardry

   Spells                             Type                      Level
   Agony                              Necromancy                   5
   Force Lance                        Conjuration                  5
   Dispersal                          Translocation                6
   Haste                              Charms                       6
   Invisibility                       Hexes                        6
   Spellforged Servitor               Conjuration/Summoning        7
   Trog disapproves of the use of such an item.


   Skills:
 - Level 4.0 Fighting
 + Level 8.2 Maces & Flails
 - Level 2.9 Dodging


You had 4 spell levels left.
You didn't know any spells.

Dungeon Overview and Level Annotations

Branches:
Dungeon (4/15)             Temple (0/1) D:4

Altars:

Annotations:
D:4 Natasha


Innate Abilities, Weirdness & Mutations

You are too large for most types of armour.
You have tough skin (AC +1).


Message History

You hear a zap.
The puff of flame hits you!
You hear a zap.
The puff of flame misses you.
You hear some strange, mumbled words.
Something claws you.
* * * LOW HITPOINT WARNING * * *
You hear a zap.
The puff of flame hits you!
* * * LOW HITPOINT WARNING * * *
Unknown command.
Read which item? (? for menu, Esc to quit)
Blink to where?
Press: ? - help, Dir - move target cursor
As you read the scroll of blinking, it crumbles to dust.
You are very lightly contaminated with residual magic.
You can't go up here!
You hear a zap.
The puff of flame hits you!
You die...

#.. .... #..........
###.#........## ...............#
.....≈≈≈≈≈......#
...≈≈≈≈≈≈≈≈≈....#
#..≈≈≈≈≈≈≈≈≈≈≈≈≈..#
#.####.≈≈≈≈≈≈...≈≈≈≈≈≈.#
##.#..#.≈≈≈≈≈≈.@.≈≈≈≈≈≈.##
##.......≈≈≈≈≈≈...≈≈≈≈≈≈).##
.........≈≈≈≈≈≈≈.≈≈≈≈≈≈≈...###
..........≈≈≈≈≈≈.§≈≈≈≈≈......####
.......)....≈≈≈≈5§≈≈≈(...>......#
..............≈≈5§≈.......####...
......(..[....)...........# ##
#.........#####.......#..##
.......#### ##.........##


You could see 2 crimson imps.

Vanquished Creatures
  2 hounds (D:4)
  Natasha (D:4)
  4 adders
  A worm (D:2)
  2 giant geckos
  3 orcs (D:4)
  3 giant cockroaches
  3 hobgoblins
  10 kobolds
  A quokka (D:2)
  2 ball pythons
  5 bats
  2 giant newts
  7 goblins
  4 jackals (D:4)
  An orc skeleton (D:4)
  7 rats
58 creatures vanquished.

Notes
Turn   | Place    | Note
--------------------------------------------------------------
     0 | D:1      | Amnekian, the Ogre Berserker, began the quest for the Orb.
     0 | D:1      | Reached XP level 1. HP: 24/24 MP: 1/1
   315 | D:1      | Reached XP level 2. HP: 16/32 MP: 2/2
   723 | D:2      | Reached skill level 5 in Maces & Flails
   891 | D:2      | Acquired Trog's second power
   928 | D:2      | Reached XP level 3. HP: 36/39 MP: 3/3
  1427 | D:2      | Reached skill level 6 in Maces & Flails
  2284 | D:3      | Reached XP level 4. HP: 43/48 MP: 4/4
  2700 | D:4      | Noticed Natasha
  2709 | D:4      | Killed Natasha
  2709 | D:4      | Reached skill level 7 in Maces & Flails
  2819 | D:4      | Reached XP level 5. HP: 39/54 MP: 5/5
  2855 | D:4      | Reached skill level 8 in Maces & Flails
  2920 | D:4      | Found a staircase to the Ecumenical Temple.
  3113 | D:4      | Noticed Natasha
  3124 | D:4      | Killed from afar by Natasha

Action                   |  1- 3 |  4- 6 || total
-------------------------+-------+-------++-------
Melee: Mace              |   108 |    85 ||   193
Throw: Stone             |    35 |    16 ||    51
Invok: Berserk           |     1 |     3 ||     4
  Use: Scroll            |     8 |     2 ||    10
  Eat: Chunk             |     3 |     6 ||     9
       Fruit             |     1 |       ||     1
       Pizza             |     1 |       ||     1
